 Dungeon Crawl Stone Soup version 5.5-19-gbfab8aa (webtiles) character file.

3120 Firecrotchwizard the Carver (level 11, -9/78 HPs)
             Began as a Skeleton Fighter on Feb 16, 2018.
             Was a High Priest of Okawaru.
             Killed from afar by a deep elf mage (20 damage)
             ... with a bolt of lightning
             ... on level 11 of the Dungeon on June 14, 2018.
             The game lasted 00:24:17 (11501 turns).

Firecrotchwizard the Carver (Skeleton Fighter)     Turns: 11501, Time: 00:24:17

Health: -9/78      AC: 13 (28%)Str: 20  XL:     11   Next: 35%
Magic:  15/15      EV: 11    Int:  9    God:    Okawaru [5*[121]]
Gold:   766        SH: 13    Dex: 13    Spells: 14/14 levels left

rFire    . . .     SeeInvis .   h - +2 dagger (elec)
rCold    + . .     Faith    .   c - +0 shield
rNeg     + + +     Spirit   .   b - +0 scale mail
rPois    ∞         Reflect  .   d - +2 hat {Int+3}
rElec    .                      m - +2 cloak
rCorr    .                      (no gloves)
MR       ++...                  (no boots)
Stlth    ..........             (no amulet)
Regen    0.3/turn               f - ring of protection from magic {MR+, !d}
MPRegen  0.3/turn               (no ring)

@: no status effects
A: spooky, fear immunity, bone armour, cold resistance 1, negative energy
resistance 3, torment resistance, unbreathing
a: Finesse, Renounce Religion


You were on level 11 of the Dungeon.
You worshipped Okawaru.
Okawaru was extremely pleased with you.
You were not hungry.

You visited 1 branch of the dungeon, and saw 11 of its levels.

You collected 766 gold pieces.

Inventory:

Hand Weapons
 a - a +0 long sword
 h - a +2 dagger of electrocution (weapon)
   (You took it off a goblin on level 2 of the Dungeon)
 p - a +1 dagger of draining
   (You took it off an orc wizard on level 7 of the Dungeon)
 t - a +2 whip of electrocution
   (You found it on level 5 of the Dungeon)
 A - a +0 shortbow of flaming
   (You took it off a centaur on level 10 of the Dungeon)
Missiles
 z - 77 silver javelins (quivered)
Armour
 b - a +0 scale mail (worn)
 c - a +0 shield (worn)
 d - a +2 hat of intelligence (worn)
   (You found it on level 1 of the Dungeon)
 l - a +0 plate armour
   (You found it on level 4 of the Dungeon)
 m - a +2 cloak (worn)
   (You found it on level 4 of the Dungeon)
Jewellery
 f - a ring of protection from magic (left hand) {MR+, !d}
   (You found it on level 2 of the Dungeon)
 v - a +5 ring of intelligence
   (You found it on level 6 of the Dungeon)
 B - an uncursed ring of resist corrosion
   (You found it on level 10 of the Dungeon)
Scrolls
 e - 3 scrolls of teleportation
 g - 2 scrolls of fear
 n - a scroll of amnesia
 q - a scroll of summoning
 x - 3 scrolls of blinking {!r}
 y - 2 scrolls of enchant armour
Potions
 i - 4 potions of augmentation
 j - 2 potions of resistance
 k - a potion of heal wounds
 o - 2 potions of cancellation
 r - 2 potions of flight
 s - a potion of ambrosia
 u - 2 potions of haste
 w - a potion of invisibility


   Skills:
 + Level 8.4(12.4) Fighting
 * Level 12.3(16.3) Blades
 - Level 2.6(6.6) Armour
 + Level 10.0(14.0) Shields


You had 14 spell levels left.
You didn't know any spells.

Dungeon Overview and Level Annotations

Branches:
Dungeon (11/15)

Altars:
Cheibriados
Dithmenos
Elyvilon
Gozag
Jiyva
Kikubaaqudgha
Makhleb
Nemelex Xobeh
Okawaru
Qazlal
Ru
Sif Muna
Trog
Uskayaw
Vehumet
Wu Jian
Xom
Yredelemnul
Zin
The Shining One

Annotations:
D:5 1 runed door


Innate Abilities, Weirdness & Mutations

You are spooky and scary.
You do not feel fear.
You gain temporary bone armour from killing.
You are immune to poison.
Your flesh is cold resistant. (rC+)
You are immune to negative energy. (rN+++)
You are immune to unholy pain and torment.
You can survive without breathing.


Message History

You see here a +0 cloak.
Found a stone staircase leading down.
Done exploring.
Done exploring.
Sorry, you can't auto-travel with no destination.
There is a stone staircase leading down here.
You climb downwards.
A wyvern zombie comes into view.
The wyvern zombie moves out of view.
A wyvern zombie is nearby!
Aim: a wyvern zombie You throw a silver javelin.
The silver javelin hits the wyvern zombie but does no damage.
The silver sears the wyvern zombie (0)!
Aim: a wyvern zombie You throw a silver javelin.
The silver javelin hits the wyvern zombie but does no damage.
The silver sears the wyvern zombie (0)!
You hit the wyvern zombie (2). The wyvern zombie barely misses you.
You hit the wyvern zombie (2). You hit the wyvern zombie (2).
You block the wyvern zombie's attack.
You hit the wyvern zombie but do no damage.
The wyvern zombie closely misses you.
You hit the wyvern zombie (6). You hit the wyvern zombie (1).
The wyvern zombie bites you but does no damage.
You hit the wyvern zombie but do no damage.
There is a sudden explosion of sparks (11)!
You hit the wyvern zombie (6).
The wyvern zombie completely misses you.
You puncture the wyvern zombie (11)! You block the wyvern zombie's attack.
You hit the wyvern zombie but do no damage.
There is a sudden explosion of sparks (7)!
You destroy the wyvern zombie!
Okawaru accepts your kill.
No target in view!
You open the large door.
Found a stone staircase leading down.
There is a large open door here.
A gargoyle comes into view. It is wielding a +0 mace.
Aim: a gargoyle, wielding a +0 mace You throw a silver javelin.
The silver javelin barely misses the gargoyle (0).
Aim: a gargoyle, wielding a +0 mace You throw a silver javelin.
The silver javelin hits the gargoyle (13)!
The gargoyle hurls a stone arrow at you.
The stone arrow hits you!
That hurt (11)!
A deep elf mage comes into view.
You take 11 damage, and have 67/78 hp.
Aim: a gargoyle, wielding a +0 mace (heavily damaged)
You throw a silver javelin. The deep elf mage shouts!
The silver javelin hits the gargoyle (5).
The deep elf mage casts a spell.
The deep elf mage blinks!
Aim: a gargoyle, wielding a +0 mace (severely damaged)
You throw a silver javelin.
The silver javelin hits the gargoyle but does no damage.
You hit the gargoyle but do no damage. You hit the gargoyle but do no damage.
The gargoyle barely misses you.
You hit the gargoyle but do no damage. You hit the gargoyle (3).
The deep elf mage points at you and mumbles some strange words.
The bolt of lightning misses you.
You barely miss the gargoyle.
The gargoyle hits you with a +0 mace (11)!
You take 11 damage, and have 57/78 hp.
You hit the gargoyle but do no damage. You closely miss the gargoyle.
The gargoyle hits you with a +0 mace (2).
You take 2 damage, and have 55/78 hp.
You barely miss the gargoyle.
The deep elf mage gestures wildly while chanting.
The deep elf mage blinks!
You hit the gargoyle but do no damage. You hit the gargoyle but do no damage.
The gargoyle hurls a stone arrow at you.
The stone arrow hits you!
That hurt (28)!
You take 28 damage, and have 27/78 hp.
MASSIVE DAMAGE!!
You hit the gargoyle but do no damage. You hit the deep elf mage (1).
There is a sudden explosion of sparks (7)!
The gargoyle hits you but does no damage.
The deep elf mage hits you but does no damage.
You hit the deep elf mage (2).
There is a sudden explosion of sparks (10)!
You puncture the deep elf mage (8)! You block the gargoyle's attack.
The deep elf mage casts a spell at you. The bolt of lightning hits you!
That hurt (17)!
* * * LOW HITPOINT WARNING * * *
You take 17 damage, and have 11/78 hp.
MASSIVE DAMAGE!!
You hit the deep elf mage (2). You hit the deep elf mage (1).
There is a sudden explosion of sparks (9)!
The deep elf mage points at you and mumbles some strange words.
The bolt of lightning hits you!
That hurt (20)!
You die...

#..................#
#.....................#
#.....................#
#.............##''###.#
#.........#####.....##
#.......................
#.......................
............>.#######
###....@....#
#....9e...# #..........#
#..........#
#....).....#
#$.........#
#..........#
#..........#


You could see a deep elf mage and a gargoyle.

Vanquished Creatures
  2 two-headed ogres (D:10)
  Grinder (D:4)
  A black mamba zombie (D:8)
  Eustachio (D:6)
  4 yaks (D:8)
  A wyvern (D:7)
  Menkaure (D:8)
  An acid dragon (D:10)
  A spiny frog zombie (D:8)
  A water moccasin (D:8)
  3 orc warriors
  5 ice beasts
  3 black bears
  A spiny frog skeleton (D:8)
  A wasp (D:8)
  4 ogres
  A phantom (D:8)
  6 centaurs
  Blork the orc (D:6)
  A wyvern zombie (D:11)
  A water moccasin zombie (D:7)
  A wyvern skeleton (D:9)
  A water moccasin skeleton (D:7)
  5 scorpions
  20 killer bees
  4 crimson imps
  4 wights (D:7)
  A howler monkey (D:4)
  A wasp zombie (D:8)
  2 quasits (D:7)
  A gnoll shaman (D:7)
  2 jellies
  5 orc priests
  3 centaur zombies
  4 hounds
  7 orc wizards
  2 centaur skeletons
  4 worker ants
  An iguana (D:7)
  Samantha (D:2)
  8 adders
  8 gnolls
  A shadow imp (D:7)
  2 oozes
  A dart slug (D:1)
  14 orcs
  7 quokkas
  4 giant cockroaches
  10 goblins
  13 hobgoblins
  9 jackals (D:4)
  7 kobolds
  A ball python (D:2)
  8 bats
  6 frilled lizards
  11 rats
220 creatures vanquished.

Notes
Turn   | Place    | Note
-------+----------+-------------------------------------------
     0 | D:1      | Firecrotchwizard the Skeleton Fighter began the quest for the Orb.
     0 | D:1      | Reached XP level 1. HP: 15/15 MP: 1/1
   418 | D:1      | Reached skill level 3 in Fighting
   418 | D:1      | Reached XP level 2. HP: 21/21 MP: 2/2
   581 | D:1      | Upgraded the game from 5.2-56-g927a965 to 5.5-19-gbfab8aa
  1105 | D:1      | Reached XP level 3. HP: 26/26 MP: 5/5
  1328 | D:2      | Found an opulent altar of Gozag.
  1389 | D:2      | Reached skill level 3 in Blades
  1550 | D:2      | Found a sparkling altar of Nemelex Xobeh.
  1619 | D:2      | Found a faded altar of an unknown god.
  1702 | D:2      | Noticed Samantha
  1739 | D:2      | Reached XP level 4. HP: 25/31 MP: 6/6
  1968 | D:2      | Killed Samantha
  1994 | D:2      | Found a glowing golden altar of the Shining One.
  2141 | D:2      | Found a sacrificial altar of Ru.
  2272 | D:2      | Found a radiant altar of Vehumet.
  2355 | D:2      | Found a deep blue altar of Sif Muna.
  2500 | D:3      | Found a shimmering altar of Xom.
  2500 | D:3      | Found a shimmering altar of Xom.
  2628 | D:3      | Reached skill level 4 in Blades
  2628 | D:3      | Reached skill level 4 in Shields
  2628 | D:3      | Reached XP level 5. HP: 27/37 MP: 7/7
  2725 | D:3      | Found a basalt altar of Yredelemnul.
  2775 | D:3      | Found a stormy altar of Qazlal.
  3337 | D:4      | Reached XP level 6. HP: 36/43 MP: 9/9
  3398 | D:4      | Found a viscous altar of Jiyva.
  3400 | D:4      | Found a snail-covered altar of Cheibriados.
  3435 | D:4      | HP: 4/43 [ogre/+0 giant club (12)]
  3441 | D:4      | Reached skill level 4 in Fighting
  3441 | D:4      | Reached skill level 5 in Blades
  3745 | D:4      | Found a glowing silver altar of Zin.
  3918 | D:4      | Reached XP level 7. HP: 46/48 MP: 10/10
  3963 | D:4      | Reached skill level 5 in Shields
  3973 | D:4      | Noticed Grinder
  3999 | D:4      | Reached skill level 6 in Blades
  4008 | D:4      | Killed Grinder
  4008 | D:4      | Reached XP level 8. HP: 28/54 MP: 11/11
  4257 | D:4      | Reached skill level 5 in Fighting
  4505 | D:5      | Entered Level 5 of the Dungeon
  4538 | D:5      | Found an iron altar of Okawaru.
  4554 | D:5      | Reached skill level 7 in Blades
  4554 | D:5      | Reached skill level 6 in Shields
  4664 | D:5      | Found an ancient bone altar of Kikubaaqudgha.
  4804 | D:5      | Found a bloodstained altar of Trog.
  4919 | D:5      | Became a worshipper of Warmaster Okawaru
  4938 | D:5      | Found a snail-covered altar of Cheibriados.
  5120 | D:5      | Found a runed door.
  5320 | D:6      | Found a burning altar of Makhleb.
  5320 | D:6      | Noticed a green death
  5507 | D:6      | Found an ornate altar of the Wu Jian Council.
  5512 | D:6      | Found a glowing golden altar of the Shining One.
  5521 | D:6      | Found a white marble altar of Elyvilon.
  5601 | D:6      | Found a shadowy altar of Dithmenos.
  6051 | D:6      | Noticed Blork the orc
  6067 | D:6      | Killed Blork the orc
  6235 | D:6      | Noticed Eustachio
  6248 | D:6      | Killed Eustachio
  6248 | D:6      | Reached skill level 8 in Blades
  6248 | D:6      | Reached XP level 9. HP: 60/62 MP: 13/13
  6349 | D:6      | Found a hide-covered altar of Uskayaw.
  6500 | D:7      | Reached skill level 6 in Fighting
  6531 | D:7      | Reached skill level 7 in Shields
  6538 | D:7      | Reached * piety under Okawaru
  6743 | D:7      | Reached skill level 9 in Blades
  6994 | D:7      | Found a hazy altar of Hepliaklqana.
  7031 | D:7      | HP: 11/63 [orc warrior/+0 trident (5)]
  7042 | D:7      | HP: 9/63 [orc wizard/puff of flame (2)]
  7375 | D:7      | Reached ** piety under Okawaru
  7581 | D:7      | Reached skill level 10 in Blades
  7631 | D:7      | Reached skill level 8 in Shields
  7631 | D:7      | Reached XP level 10. HP: 69/69 MP: 14/14
  7639 | D:7      | Reached skill level 7 in Fighting
  7839 | D:8      | Reached *** piety under Okawaru
  8601 | D:8      | Got Imuig's Incunabulum of the Blaze
  8742 | D:8      | Reached skill level 11 in Blades
  8756 | D:8      | Reached **** piety under Okawaru
  8768 | D:8      | Reached skill level 9 in Shields
  8923 | D:8      | Noticed Menkaure
  8932 | D:8      | Killed Menkaure
  9975 | D:10     | Entered Level 10 of the Dungeon
 10070 | D:10     | Noticed a two-headed ogre
 10085 | D:10     | Killed a two-headed ogre
 10085 | D:10     | Reached skill level 8 in Fighting
 10085 | D:10     | Reached XP level 11. HP: 28/77 MP: 15/15
 10103 | D:10     | HP: 18/77 [orc wizard/magic dart (4)]
 10400 | D:10     | Noticed a two-headed ogre
 10460 | D:10     | Killed a two-headed ogre
 10460 | D:10     | Reached ***** piety under Okawaru
 10460 | D:10     | Received a gift from Okawaru
 10460 | D:10     | Reached skill level 12 in Blades
 11188 | D:10     | Reached skill level 10 in Shields
 11484 | D:11     | Noticed a deep elf mage
 11499 | D:11     | HP: 11/78 [deep elf mage/bolt of lightning (17)]
 11501 | D:11     | Killed from afar by a deep elf mage

Skill      XL: |  1  2  3  4  5  6  7  8  9 10 11 |
---------------+----------------------------------+-----
Fighting       | 3 4 5 6 8 |  8.4
Blades         | 3 4 5 6 8 10 11 12 | 12.3
Shields        | 4 5 6 8 9 10 | 10.0
Armour         | |  2.6

Action                   |  1- 3 |  4- 6 |  7- 9 | 10-12 || total
-------------------------+-------+-------+-------+-------++-------
Melee: Long sword        |   145 |    30 |       |       ||   175
       Dagger            |       |   168 |   396 |   479 ||  1043
Throw: Javelin           |       |       |       |    19 ||    19
  Use: Potion            |     1 |       |       |     1 ||     2
       Scroll            |       |       |     3 |       ||     3
Armor: Scale mail        |   118 |    65 |    75 |    90 ||   348
Dodge: Dodged            |    71 |    46 |    59 |    92 ||   268
Block: Shield            |   112 |    87 |   162 |   202 ||   563

Vault maps used:
D:1:      co_arrival_random_square_maze, patterned_corridor
D:2:      lemuel_blue_sif_altar, lemuel_doored_altar, hangedman_ru_absence,
          nemelex_altar_shiori, lemuel_crystal_altar,
          chequers_ecumenical_altar_island, nicolae_tso_carved_into_rock,
          uniq_robin
D:3:      nicolae_overflow_crystal_walls, xom_redecorated, lemuel_round_altar,
          minmay_hedge_maze, kennysheep_decorative_pillar, kennysheep_nub
D:4:      old_standard_altar, gammafunk_temple_overflow_statue, uniq_grinder
D:5:      lemuel_crystal_altar, lemuel_crystal_altar, old_standard_altar,
          basic_altar, uniq_crazy_yiuf_cottage
D:6:      lemuel_coloured_pillars_altar, elyvilon_altar_5, lemuel_crystal_altar,
          grunt_dithmenos_smoke, lemuel_round_altar, makhleb_altar_promises_db,
          uniq_blork_the_orc, uniq_eustachio
D:7:      overflow_temple_1_default
D:8:      kennysheep_generic_room_12, uniq_menkaure
D:11:     serial_shops, bzr_entry_arches

Table legend:
 A = Turns spent in this place as a percentage of turns spent in the entire game.
 B = Non-inter-level travel turns spent in this place as a percentage of non-inter-level travel turns spent in the entire game.
 C = Inter-level travel turns spent in this place as a percentage of turns spent in this place.
 D = Turns resting spent in this place as a percentage of non-inter-level travel turns spent in this place.
 E = Turns spent auto-exploring this place as a percentage of non-inter-level travel turns spent in this place.
 F = Non-inter-level travel turns spent in this place divided by the number of levels of this place that you've seen.
                   A       B       C       D       E      F
               +-------+-------+-------+-------+-------+----------------------
         Total | 100.0 | 100.0 |   0.1 |   2.6 |   7.0 | 258.0
       Dungeon | 100.0 | 100.0 |   0.1 |   2.6 |   7.0 | 258.0
               +-------+-------+-------+-------+-------+----------------------

Table legend:
 A = Kills in this place as a percentage of kills in entire the game.
 B = Kills by you in this place as a percentage of kills by you in the entire game.
 C = Kills by friends in this place as a percentage of kills by friends in the entire game.
 D = Other kills in this place as a percentage of other kills in the entire game.
 E = Experience gained in this place as a percentage of experience gained in the entire game.
 F = Experience gained in this place divided by the number of levels of this place that you have seen.
                   A       B       C       D       E      F
               +-------+-------+-------+-------+-------+----------------------
         Total | 100.0 | 100.0 |  -nan |  -nan | 100.0 | 1131.6
       Dungeon | 100.0 | 100.0 |  -nan |  -nan | 100.0 | 1131.6
               +-------+-------+-------+-------+-------+----------------------
